PAAA
BALTIMORE BLACK SOX @ ELLENBURG FIGHTING DACHSUNDS
05/10/2034
 
TOP OF THE 1ST
Baltimore Black Sox batting - Pitching for Ellenburg Fighting Dachsunds : RHP Felipe Pereira
Pitching: RHP Felipe Pereira
Batting: RHB Fernando Martínez 0-0: Ball
1-0: Foul Ball, location: 2F
1-1: DOUBLE (Flyball, 89D)
Batting: LHB Ramón Flores 0-0: Called Strike
0-1: Swinging Strike
0-2: Ground out U3 (Groundball, 34S)
Fernando Martínez to third
Batting: RHB Felix Plugge 0-0: Ball
1-0: Called Strike
1-1: Fly out, F7 (Flyball, 78S)
Runner from 3rd tags up, SCORES, no throw
Batting: LHB Roberto Vázquez 0-0: Ball
1-0: Ball
2-0: Ball
3-0: Base on Balls
Batting: RHB Raúl Cicerón 0-0: Called Strike
0-1: Ball
1-1: Ball
2-1: Called Strike
Roberto Vázquez steals 2nd base
2-2: Ball
3-2: Base on Balls
Batting: LHB Marcos Costa 0-0: Called Strike
0-1: Ball
1-1: Called Strike
1-2: Ball
2-2: Foul Ball, location: 2F
2-2: Foul Ball, location: 2F
2-2: SINGLE (Line Drive, 4MD)
Roberto Vázquez to third
Raúl Cicerón to second
Runner from 3rd tries for Home, SAFE, no throw
Batting: RHB Lee Storment 0-0: Called Strike
Marcos Costa steals 2nd base
Raúl Cicerón to third
0-1: Swinging Strike
0-2: Foul Ball, location: 2F
0-2: Fly out, F8 (Flyball, 8RD)
Top of the 1st over - 2 runs, 2 hits, 0 errors, 2 left on base; Baltimore 2 - Ellenburg 0
BOTTOM OF THE 1ST
Ellenburg Fighting Dachsunds batting - Pitching for Baltimore Black Sox : RHP Charlie Fairthorne
Pitching: RHP Charlie Fairthorne
Batting: RHB Oscar McMillan 0-0: Ball
1-0: Ball
2-0: Called Strike
2-1: Ball
3-1: Foul Ball, location: 2F
3-2: Foul Ball, location: 2F
3-2: Ground out 1-3 (Groundball, 15S)
Batting: SHB Ben Boston 0-0: Ball
1-0: Foul Ball, location: 2F
1-1: Ground out 1-3 (Groundball, 15S)
Batting: LHB Vladya Pugiev 0-0: Called Strike
0-1: Foul Ball, location: 2F
0-2: Ground out 5-3 (Groundball, 5)
Bottom of the 1st over - 0 runs, 0 hits, 0 errors, 0 left on base; Baltimore 2 - Ellenburg 0
TOP OF THE 2ND
Baltimore Black Sox batting - Pitching for Ellenburg Fighting Dachsunds : RHP Felipe Pereira
Batting: SHB Alex Mable 0-0: Ball
1-0: SINGLE (Line Drive, 7LM)
Batting: RHB Pedro Torres 0-0: Foul Ball, location: 2F
0-1: Foul Ball, location: 2F
0-2: Ball
1-2: Fly out, F7 (Line Drive, 7)
Batting: RHB Fernando Martínez 0-0: Ball
1-0: Swinging Strike
1-1: Ball
2-1: Called Strike
Balk!
Alex Mable to second
2-2: Ball
3-2: Strikes out looking
Batting: LHB Ramón Flores 0-0: Ball
1-0: Called Strike
1-1: Swinging Strike
1-2: Strikes out swinging
Top of the 2nd over - 0 runs, 1 hit, 0 errors, 1 left on base; Baltimore 2 - Ellenburg 0
BOTTOM OF THE 2ND
Ellenburg Fighting Dachsunds batting - Pitching for Baltimore Black Sox : RHP Charlie Fairthorne
Batting: RHB Andrew Cantrell 0-0: Swinging Strike
0-1: Ball
1-1: Ball
2-1: Foul Ball, location: 2F
2-2: Ball
3-2: Base on Balls
Batting: RHB Asko Riikonen 0-0: Ball
1-0: Fly out, F8 (Flyball, 8RS)
Batting: LHB Vicente Castaneda 0-0: Called Strike
0-1: Ball
1-1: Ball
2-1: Ball
3-1: Foul Ball, location: 2F
3-2: Strikes out swinging
Andrew Cantrell is caught stealing 2nd base
Batter strikes out.
Bottom of the 2nd over - 0 runs, 0 hits, 0 errors, 0 left on base; Baltimore 2 - Ellenburg 0
TOP OF THE 3RD
Baltimore Black Sox batting - Pitching for Ellenburg Fighting Dachsunds : RHP Felipe Pereira
Batting: RHB Felix Plugge 0-0: Foul Ball, location: 2F
0-1: Ball
1-1: Ball
2-1: Ball
3-1: Called Strike
3-2: Foul Ball, location: 2F
3-2: Base on Balls
Batting: LHB Roberto Vázquez 0-0: Fly out, F8 (Flyball, 89D)
Batting: RHB Raúl Cicerón 0-0: Called Strike
0-1: Swinging Strike
0-2: Foul Ball, location: 2F
0-2: Foul Ball, location: 2F
0-2: Ball
1-2: Ball
2-2: Foul Ball, location: 2F
2-2: Strikes out swinging
Batting: LHB Marcos Costa 0-0: Ball
1-0: Ball
2-0: Ball
3-0: Base on Balls
Felix Plugge to second
Batting: RHB Lee Storment 0-0: Called Strike
0-1: Foul Ball, location: 2F
0-2: Ball
1-2: Foul Ball, location: 2F
1-2: Foul Ball, location: 2F
1-2: Ball
2-2: Ball
3-2: Strikes out looking
Top of the 3rd over - 0 runs, 0 hits, 0 errors, 2 left on base; Baltimore 2 - Ellenburg 0
BOTTOM OF THE 3RD
Ellenburg Fighting Dachsunds batting - Pitching for Baltimore Black Sox : RHP Charlie Fairthorne
Batting: RHB Manuel Rosales 0-0: Called Strike
0-1: Called Strike
0-2: Fly out, F7 (Flyball, 7S)
Batting: RHB José Barroca 0-0: Swinging Strike
0-1: Ball
1-1: Ball
2-1: Fly out, F6 (Line Drive, 6)
Batting: RHB José Vázquez 0-0: Called Strike
0-1: SINGLE (Groundball, 34D)
Batting: RHB Oscar McMillan 0-0: Called Strike
0-1: Fielders Choice at 2nd, 6-4 (Groundball, 6)
Bottom of the 3rd over - 0 runs, 1 hit, 0 errors, 1 left on base; Baltimore 2 - Ellenburg 0
TOP OF THE 4TH
Baltimore Black Sox batting - Pitching for Ellenburg Fighting Dachsunds : RHP Felipe Pereira
Batting: SHB Alex Mable 0-0: Ball
1-0: Called Strike
1-1: Ball
2-1: Bunted foul
2-2: SINGLE (Groundball, 34D)
Batting: RHB Pedro Torres 0-0: Ball
1-0: SINGLE (Flyball, 9S)
Alex Mable to second
Runner from 2nd tries for 3rd, SAFE, no throw
Batting: RHB Fernando Martínez 0-0: Ball
1-0: Called Strike
1-1: SINGLE (Flyball, 8LS)
Alex Mable scores
Pedro Torres to second
Batting: LHB Ramón Flores 0-0: Swinging Strike
0-1: Fielders Choice at 2nd, 6-4 (Groundball, 6)
Pedro Torres to third
Batting: RHB Felix Plugge 0-0: Called Strike
0-1: DOUBLE (Line Drive, 7LS)
Pedro Torres scores
Ramón Flores to third
Runner from 3rd tries for Home, SAFE, no throw
Batting: LHB Roberto Vázquez 0-0: Intentional Walk
Batting: RHB Raúl Cicerón 0-0: Swinging Strike
0-1: Ball
1-1: Called Strike
1-2: Foul Ball, location: 2F
1-2: Foul Ball, location: 2F
1-2: Strikes out swinging
Batting: LHB Marcos Costa 0-0: Foul Ball, location: 2F
0-1: Fielders Choice at 2nd, 5-4 (Groundball, 56)
Top of the 4th over - 3 runs, 4 hits, 0 errors, 2 left on base; Baltimore 5 - Ellenburg 0
BOTTOM OF THE 4TH
Ellenburg Fighting Dachsunds batting - Pitching for Baltimore Black Sox : RHP Charlie Fairthorne
Batting: SHB Ben Boston 0-0: Ball
1-0: Called Strike
1-1: Called Strike
1-2: SINGLE (Groundball, 56D)
Batting: LHB Vladya Pugiev 0-0: Called Strike
0-1: Called Strike
0-2: Fly out, F1 (Line Drive, 15)
Batting: RHB Andrew Cantrell 0-0: Ball
1-0: Ball
2-0: Foul Ball, location: 2F
2-1: Ball
3-1: Base on Balls
Ben Boston to second
Batting: RHB Asko Riikonen 0-0: Foul Ball, location: 2F
0-1: Called Strike
Ben Boston steals 3rd base
Andrew Cantrell to second
0-2: Foul Ball, location: 2F
0-2: Fly out, F3 (Flyball, 3D)
Batting: LHB Vicente Castaneda 0-0: SINGLE (Groundball, 4MD)
Ben Boston scores
Andrew Cantrell to third
Runner from 3rd tries for Home, throw and OUT!
Bottom of the 4th over - 1 run, 2 hits, 0 errors, 1 left on base; Baltimore 5 - Ellenburg 1
TOP OF THE 5TH
Baltimore Black Sox batting - Pitching for Ellenburg Fighting Dachsunds : RHP Felipe Pereira
Batting: RHB Lee Storment 0-0: Ball
1-0: Ball
2-0: Called Strike
2-1: Foul Ball, location: 2F
2-2: Foul Ball, location: 2F
2-2: Ground out 6-3 (Groundball, 6)
Batting: SHB Alex Mable 0-0: Foul Ball, location: 2F
0-1: Ball
1-1: Called Strike
1-2: Ground out 4-3 (Groundball, 4S)
Batting: RHB Pedro Torres 0-0: Ball
1-0: Called Strike
1-1: Foul Ball, location: 2F
1-2: Strikes out swinging
Top of the 5th over - 0 runs, 0 hits, 0 errors, 0 left on base; Baltimore 5 - Ellenburg 1
BOTTOM OF THE 5TH
Ellenburg Fighting Dachsunds batting - Pitching for Baltimore Black Sox : RHP Charlie Fairthorne
Batting: RHB Manuel Rosales 0-0: Called Strike
0-1: Ball
1-1: Called Strike
1-2: Ball
2-2: Foul Ball, location: 2F
2-2: Ball
3-2: Fly out, F8 (Flyball, 8RM)
Batting: RHB José Barroca 0-0: Ground out 5-3 (Groundball, 5)
Batting: RHB José Vázquez 0-0: Foul Ball, location: 2F
0-1: Ball
1-1: SINGLE (Line Drive, 56D)
Batting: RHB Oscar McMillan 0-0: Ball
1-0: Fly out, F9 (Flyball, 89M)
Bottom of the 5th over - 0 runs, 1 hit, 0 errors, 1 left on base; Baltimore 5 - Ellenburg 1
TOP OF THE 6TH
Baltimore Black Sox batting - Pitching for Ellenburg Fighting Dachsunds : RHP Felipe Pereira
Batting: RHB Fernando Martínez 0-0: Ball
1-0: Fly out, F8 (Flyball, 8RM)
Batting: LHB Ramón Flores 0-0: Foul Ball, location: 2F
0-1: Foul Ball, location: 2F
0-2: Ground out U3 (Groundball, 3)
Batting: RHB Felix Plugge 0-0: Ball
1-0: Ball
2-0: SINGLE (Flyball, 7S)
Pitching: RHP Félix Santiago
Batting: LHB Roberto Vázquez 0-0: Ball
1-0: Foul Ball, location: 2F
1-1: Ball
2-1: Foul Ball, location: 2F
2-2: Foul Ball, location: 2F
2-2: Strikes out swinging
Top of the 6th over - 0 runs, 1 hit, 0 errors, 1 left on base; Baltimore 5 - Ellenburg 1
BOTTOM OF THE 6TH
Ellenburg Fighting Dachsunds batting - Pitching for Baltimore Black Sox : RHP Charlie Fairthorne
Batting: SHB Ben Boston 0-0: Ball
1-0: Called Strike
1-1: Foul Ball, location: 2F
1-2: Fly out, F3 (Popup, 34S)
Batting: LHB Vladya Pugiev 0-0: Foul Ball, location: 2F
0-1: Fly out, F7 (Line Drive, 7D)
Batting: RHB Andrew Cantrell 0-0: Swinging Strike
0-1: Fly out, F7 (Flyball, 7D)
Bottom of the 6th over - 0 runs, 0 hits, 0 errors, 0 left on base; Baltimore 5 - Ellenburg 1
TOP OF THE 7TH
Baltimore Black Sox batting - Pitching for Ellenburg Fighting Dachsunds : RHP Félix Santiago
Batting: RHB Raúl Cicerón 0-0: Fly out, F8 (Flyball, 8RXD)
Batting: LHB Marcos Costa 0-0: Ball
1-0: Ball
2-0: Called Strike
2-1: Foul Ball, location: 2F
2-2: Strikes out looking
Batting: RHB Lee Storment 0-0: Ball
1-0: Ball
2-0: Ball
3-0: Called Strike
3-1: Ground out 4-3 (Groundball, 4)
Top of the 7th over - 0 runs, 0 hits, 0 errors, 0 left on base; Baltimore 5 - Ellenburg 1
BOTTOM OF THE 7TH
Ellenburg Fighting Dachsunds batting - Pitching for Baltimore Black Sox : RHP Charlie Fairthorne
Batting: RHB Asko Riikonen 0-0: Ball
1-0: Ball
2-0: Swinging Strike
2-1: Ball
3-1: Foul Ball, location: 2F
3-2: Ground out 5-3 (Groundball, 56S)
Batting: LHB Vicente Castaneda 0-0: SINGLE (Line Drive, 3D)
Batting: RHB Manuel Rosales 0-0: Ball
1-0: Ball
2-0: Ball
3-0: Called Strike
3-1: SINGLE (Flyball, 8LS)
Vicente Castaneda to second
Runner from 2nd tries for 3rd, SAFE, no throw
Batting: RHB José Barroca 0-0: Called Strike
0-1: Foul Ball, location: 2F
0-2: Ball
1-2: Fly out, F5 (Popup, 6S)
Pitching: RHP Chris Hayes
Batting: RHB José Vázquez 0-0: Called Strike
0-1: Foul Ball, location: 2F
0-2: Foul Ball, location: 2F
0-2: Strikes out looking
Bottom of the 7th over - 0 runs, 2 hits, 0 errors, 2 left on base; Baltimore 5 - Ellenburg 1
TOP OF THE 8TH
Baltimore Black Sox batting - Pitching for Ellenburg Fighting Dachsunds : RHP Félix Santiago
Batting: SHB Alex Mable 0-0: Fly out, F9 (Line Drive, 9D)
Batting: RHB Pedro Torres 0-0: Swinging Strike
0-1: Foul Ball, location: 2F
0-2: Ball
1-2: Foul Ball, location: 2F
1-2: Ball
2-2: Strikes out looking
Batting: RHB Fernando Martínez 0-0: Ball
1-0: Ball
2-0: Called Strike
2-1: SINGLE (Groundball, 6MD)
Batting: LHB Ramón Flores 0-0: SINGLE (Line Drive, 4M)
Fernando Martínez to second
Batting: RHB Felix Plugge 0-0: Ball
1-0: Ball
2-0: Ball
3-0: Called Strike
3-1: Called Strike
3-2: Ground out 6-3 (Groundball, 6)
Top of the 8th over - 0 runs, 2 hits, 0 errors, 2 left on base; Baltimore 5 - Ellenburg 1
BOTTOM OF THE 8TH
Ellenburg Fighting Dachsunds batting - Pitching for Baltimore Black Sox : RHP Chris Hayes
Batting: RHB Oscar McMillan 0-0: Called Strike
0-1: Called Strike
0-2: Foul Ball, location: 2F
0-2: Strikes out swinging
Batting: SHB Ben Boston 0-0: Ball
1-0: Swinging Strike
1-1: Foul Ball, location: 2F
1-2: Strikes out swinging
Batting: LHB Vladya Pugiev 0-0: Called Strike
0-1: Fly out, F7 (Flyball, 7D)
Bottom of the 8th over - 0 runs, 0 hits, 0 errors, 0 left on base; Baltimore 5 - Ellenburg 1
TOP OF THE 9TH
Baltimore Black Sox batting - Pitching for Ellenburg Fighting Dachsunds : RHP Félix Santiago
Batting: LHB Roberto Vázquez 0-0: Fly out, F9 (Flyball, 9)
Batting: RHB Raúl Cicerón 0-0: DOUBLE (Line Drive, 89D)
Batting: LHB Marcos Costa 0-0: Ball
1-0: Ball
Raúl Cicerón steals 3rd base
2-0: Called Strike
2-1: Ball
3-1: DOUBLE (Groundball, 3L)
Raúl Cicerón scores
Batting: RHB Lee Storment 0-0: Called Strike
0-1: Swinging Strike
0-2: Ball
1-2: Ball
2-2: Foul Ball, location: 2F
2-2: Ball
3-2: Base on Balls
Batting: SHB Alex Mable 0-0: Ball
Marcos Costa steals 3rd base
Lee Storment to second
1-0: Ground out 4-3 (Groundball, 34)
Batting: RHB Pedro Torres 0-0: Called Strike
0-1: Fly out, F7 (Flyball, 7)
Top of the 9th over - 1 run, 2 hits, 0 errors, 2 left on base; Baltimore 6 - Ellenburg 1
BOTTOM OF THE 9TH
Ellenburg Fighting Dachsunds batting - Pitching for Baltimore Black Sox : RHP Chris Hayes
Now in RF: Maikel Cobblepot
Batting: RHB Andrew Cantrell 0-0: Ground out 6-3 (Groundball, 6S)
Batting: RHB Asko Riikonen 0-0: Ball
1-0: SINGLE (Flyball, 89S)
Batting: LHB Vicente Castaneda 0-0: Swinging Strike
0-1: Swinging Strike
0-2: Ground out 3-1 (Groundball, 34S)
Asko Riikonen to second
Batting: RHB Manuel Rosales 0-0: Ball
1-0: Called Strike
1-1: Foul Ball, location: 2F
1-2: Foul Ball, location: 2F
1-2: Fly out, F9 (Line Drive, 9)
Bottom of the 9th over - 0 runs, 1 hit, 0 errors, 1 left on base; Baltimore 6 - Ellenburg 1
Friday, March 29th, 2019 - OOTP Baseball 18.8 Build 76